 Dungeon Crawl Stone Soup version 0.21-a0-201-g8501b10 (webtiles) character file.

211218 Jeffwins the Fencer (level 18, -21/124 HPs)
             Began as an Octopode Monk on Aug 19, 2017.
             Was the Champion of Yredelemnul.
             Killed from afar by an electric golem (33 damage)
             ... with a bolt of lightning
             ... in a wizard's laboratory.
             The game lasted 02:31:00 (42778 turns).

Jeffwins the Fencer (Octopode Monk)                Turns: 42778, Time: 02:31:01

Health: -21/124    AC:  4    Str:  7    XL:     18   Next: 36%
Magic:  0/29       EV: 25    Int: 16    God:    Yredelemnul [******]
Gold:   1415       SH: 18    Dex: 27    Spells: 13/32 levels left

rFire    + . .     SeeInvis +   L - +9 double sword (freeze)
rCold    + + +     Gourm    .   E - +2 large shield {rPois}
rNeg     + . .     Faith    .   C - +3 hat "Nyuguxed" {rC+ Regen+ Str-3 SInv}
rPois    +         Spirit   +   K - amulet of guardian spirit
rElec    .         Reflect  .   j - ring of protection from fire
rCorr    +         Harm     .   G - ring of resist corrosion
MR       +....                  Q - ring of Feofoaqu {*Contam rC+ Int+4 Dex+4}
Stlth    ++++++++..             V - ring of positive energy
HPRegen  0.70/turn              y - +1 ring of evasion
MPRegen  0.21/turn              X - ring of see invisible
                                t - ring of stealth
                                h - ring of protection from cold

@: studying Dodging
A: almost no armour, stealthy swim, amphibious, 8 rings, constrict 8, camouflage
1, gelatinous body 1
}: 2/15 runes: decaying, gossamer
a: Recall Undead Slaves, Injury Mirror, Animate Dead, Drain Life, Enslave Soul,
Renounce Religion


You were in a wizard's laboratory.
You worshipped Yredelemnul.
Yredelemnul was exalted by your worship.
You were full.

You visited 7 branches of the dungeon, and saw 34 of its levels.
You also visited: Bailey and Wizlab.

You collected 3395 gold pieces.
You spent 1980 gold pieces at shops.

Inventory:

Hand Weapons
 L - a +9 double sword of freezing (weapon)
 Y - a +2 short sword of venom
 Z - a +2 scimitar of flaming
Armour
 g - a +1 hat of magic resistance
 n - a +2 shield
 C - the +3 hat "Nyuguxed" (worn) {rC+ Regen+ Str-3 SInv}
   (You acquired it on level 15 of the Dungeon)

   It affects your strength (-3).
   It protects you from cold.
   It lets you see invisible.
   It increases your rate of regeneration.
 E - a +2 large shield of poison resistance (worn)
Magical Staves
 O - an uncursed staff of death {unknown}
Jewellery
 b - an uncursed ring of protection from cold
 h - a ring of protection from cold (on tentacle)
 j - a ring of protection from fire (left tentacle)
 t - a ring of stealth (on tentacle)
 y - a +1 ring of evasion (on tentacle)
 G - a ring of resist corrosion (right tentacle)
 K - an amulet of guardian spirit (around mantle)
 Q - the ring of Feofoaqu (on tentacle) {*Contam rC+ Int+4 Dex+4}
   (You found it on level 5 of the Lair of Beasts)

   [ring of protection from cold]

   It affects your intelligence (+4).
   It affects your dexterity (+4).
   It protects you from cold.
   It causes magical contamination when unequipped.
 V - a ring of positive energy (on tentacle)
 W - an uncursed ring of magical power
 X - a ring of see invisible (on tentacle)
Wands
 e - a wand of disintegration (6/24)
 f - a wand of paralysis (1/24)
 M - a wand of scattershot (2/9)
 N - a wand of paralysis (10/24)
Scrolls
 k - 2 scrolls of fog
 m - a scroll of enchant armour
 o - 10 scrolls of teleportation
 q - 5 scrolls of amnesia
 r - a scroll of summoning {unknown}
 s - 7 scrolls of enchant weapon
 x - 18 scrolls of identify
 B - 3 scrolls of magic mapping
 I - 2 scrolls of blinking
 J - 15 scrolls of remove curse
 T - 4 scrolls of fear
Potions
 a - 3 potions of invisibility
 c - 2 potions of agility
 d - 2 potions of brilliance
 i - a potion of magic
 l - 2 potions of resistance
 p - 16 potions of curing
 u - a potion of flight
 v - 6 potions of haste
 w - 8 potions of might
 H - 3 potions of cancellation
 S - 4 potions of berserk rage
 U - a potion of ambrosia
Books
 F - a manual of Dodging
Miscellaneous
 D - a lightning rod (4/4)
Comestibles
 z - 21 royal jellies
 A - a bread ration


   Skills:
 + Level 11.3 Fighting
 * Level 15.1 Long Blades
   Level 6.1 Slings
 + Level 12.2 Dodging
 - Level 13.0 Stealth
 + Level 10.9 Shields
 + Level 7.8 Spellcasting
 + Level 3.9 Conjurations
 + Level 3.7 Necromancy
 + Level 6.9 Translocations
 - Level 8.2 Transmutations
 - Level 8.4 Earth Magic
 + Level 8.9 Invocations
 - Level 9.2 Evocations


You had 13 spell levels left.
You knew the following spells:

 Your Spells              Type           Power        Failure   Level  Hunger
a - Petrify               Tmut/Erth      ####....     22%         4    ####...
b - Blink                 Tloc           N/A          6%          2    None
c - Bolt of Draining      Conj/Necr      ###.......   99%         5    #####..
d - Controlled Blink      Tloc           N/A          100%        8    #######


Dungeon Overview and Level Annotations

Branches:
Dungeon (15/15)            Temple (1/1) D:6            Lair (6/6) D:9
  Swamp (4/4) Lair:2       Spider (4/4) Lair:3        Slime (0/5) Lair:5
    Orc (2/2) D:9             Elf (0/3) Orc:2        Vaults (2/5) D:13
 Depths (0/5) D:15
  Crypt: Vaults:2-3

Altars:
Ashenzari
Cheibriados
Dithmenos
Elyvilon
Fedhas
Gozag
Hepliaklqana
Kikubaaqudgha
Makhleb
Nemelex Xobeh
Okawaru
Qazlal
Ru
Sif Muna
Trog
Uskayaw
Vehumet
Wu Jian
Xom
Yredelemnul
Zin
The Shining One
Beogh
Jiyva

Shops:
D:9 %   D:14 (   Orc:1 *   Orc:2 **=:   Vaults:1 ?   Vaults:2 %


Innate Abilities, Weirdness & Mutations

You cannot wear most types of armour.
You are very stealthy in the water. (Stealth+)
You are amphibious.
You can wear up to eight rings at the same time.
You can use your tentacles to constrict eight enemies at once.
Your skin changes colour to match your surroundings (Stealth+).
Your rubbery body absorbs attacks. (AC +1, EV +1)


Message History

The electric golem hits you. The electric golem shocks you!!
You block the electric golem's attack. The electric golem hits you!
Your vampire barely misses the electric golem. x2
The electric golem barely misses you. The electric golem hits you!
* * * LOW HITPOINT WARNING * * *
The electric golem shocks you!!
* * * LOW HITPOINT WARNING * * *
You block the electric golem's attack. The electric golem hits you!
* * * LOW HITPOINT WARNING * * *
Your vampire hits the electric golem!
Your vampire bites the electric golem.
The electric golem hits your vampire!
The electric golem shocks your vampire!!
The electric golem hits your vampire.
Your vampire is destroyed!
Unknown command.
Okay, then.
The electric golem hurls lightning at you.
The bolt of lightning hits you!
You die...
Your body rises from the dead as a mindless zombie.

##### ###...### ##.......##
#.........# #.@..∩..∩.#
#.8.......# ##.......##
###...### ######.######
#####...........#####
####...................####
###.........................#
###..............).......#.....


You could see an electric golem.

Vanquished Creatures
  Nikola (Swamp:4)
  Gastronok (D:10)
  2 thorn hunters
  Kirke (D:14)
  An orc warlord (Bailey)
  A vault warden (Vaults:1)
  A ghost moth (Spider:4)
  An emperor scorpion (Spider:4)
  An entropy weaver (Spider:3)
  Nessos (D:14)
  An ettin (Orc:1)
  2 yaktaur captains (Vaults:1)
  2 crystal guardians (WizLab)
  A great orb of eyes (D:12)
  A rakshasa (Vaults:1)
  9 hydras
  4 vault guards (D:13)
  A ghost crab (Swamp:3)
  2 centaur warriors
  6 two-headed ogres
  3 death yaks (Lair:6)
  3 orc high priests (Orc:2)
  An alligator (Swamp:4)
  A tengu warrior (D:14)
  A spriggan berserker (Swamp:4)
  A skeletal warrior (D:15)
  A shadow wraith (Vaults:1)
  Pikel (D:8)
  2 swamp dragons
  2 wizards
  A deep elf archer (D:13)
  2 ironbrand convokers
  A frost giant zombie (Vaults:1)
  3 orc knights (Orc:2)
  A salamander (shapeshifter) (Vaults:1)
  2 manticores
  4 orc sorcerers (Orc:2)
  3 cyclopes
  13 wolf spiders
  8 orb spiders
  A necromancer (Vaults:1)
  2 moths of wrath (Spider:4)
  13 ugly things
  An elephant (Lair:2)
  Maurice (Orc:2)
  4 black mambas
  A vault sentinel (Vaults:2)
  12 spiny frogs
  3 gargoyles
  2 rime drakes (Lair:3)
  6 komodo dragons
  4 kobold demonologists
  A death yak zombie (Lair:6)
  5 yaktaurs
  A yaktaur skeleton (Vaults:1)
  A demonic crawler (Spider:4)
  9 trolls
  4 polar bears (Lair:6)
  4 tengu conjurers
  9 hornets
  6 bog bodies
  3 slime creatures
  13 jumping spiders
  6 blink frogs
  A raiju (Lair:6)
  2 meliai zombies
  5 hippogriffs
  A human simulacrum (Vaults:1)
  23 redbacks
  8 tarantellas
  4 wraiths
  2 water elementals (D:15)
  2 wyverns
  2 shadows
  2 hogs (D:14)
  33 yaks
  Grum (D:11)
  3 basilisks
  4 fire elementals (Orc:2)
  3 steam dragons
  A vampire mosquito (Swamp:1)
  A yaktaur simulacrum (Vaults:1)
  9 wargs
  2 insubstantial wisps
  2 hungry ghosts
  7 swamp worms
  2 acid dragons (D:13)
  11 water moccasins
  A soldier ant (shapeshifter) (Vaults:1)
  A soldier ant (D:13)
  6 porcupines
  8 hell hounds
  3 sky beasts
  7 swamp drakes
  30 orc warriors
  A necrophage (D:14)
  2 phantoms (D:8)
  6 black bears
  18 ogres
  An eye of draining (D:10)
  9 centaurs
  21 wolves
  11 crocodiles
  4 big kobolds
  An elf zombie (D:14)
  15 bullfrogs
  4 earth elementals (WizLab)
  2 wyvern zombies
  A wyvern skeleton (D:10)
  4 scorpions
  4 killer bees (D:10)
  A wight (D:14)
  A howler monkey (D:11)
  2 electric eels
  5 crimson imps
  A bullfrog zombie (D:8)
  A quasit (D:12)
  2 centaur zombies
  7 hounds
  11 jellies
  5 human zombies (D:14)
  A centaur skeleton (D:6)
  7 iguanas
  36 orc priests
  2 bullfrog skeletons
  25 orc wizards
  7 worker ants
  A hound zombie (D:5)
  4 hound skeletons
  A mummy (D:14)
  A howler monkey zombie (D:9)
  7 gnolls
  15 adders
  A shadow imp (D:10)
  An ooze (D:7)
  An adder zombie (D:6)
  An adder skeleton (D:5)
  3 dart slugs
  A leopard gecko (D:4)
  116 orcs
  6 bats
  2 giant cockroaches
  9 goblins
  8 hobgoblins
  5 jackals
  6 quokkas
  4 ball pythons
  A ball python skeleton (D:4)
  3 frilled lizards
  32 kobolds
  A leopard gecko skeleton (D:6)
  A leopard gecko zombie (D:6)
  A quokka skeleton (D:8)
  2 quokka zombies
  6 rats
  A bush (Lair:5)
  2 fungi (Lair:6)
854 creatures vanquished.

Vanquished Creatures (collateral kills)
  Mara (Swamp:3)
  A bone dragon (Swamp:3)
  Jorgrun (Spider:4)
  3 thorn hunters (Swamp:4)
  A sphinx (Vaults:1)
  2 orc warlords
  A caustic shrike zombie (D:15)
  A ghost moth (Spider:4)
  A vault warden (Vaults:1)
  An ironheart preserver (Vaults:1)
  3 emperor scorpions (Spider:4)
  A very ugly thing (Vaults:1)
  3 entropy weavers
  Azrael (Orc:2)
  An ettin (Orc:2)
  A fire dragon (Lair:6)
  3 yaktaur captains
  17 hydras
  8 alligators
  2 death yaks
  An ogre mage (Vaults:1)
  5 two-headed ogres
  2 tengu warriors (D:14)
  An orc high priest (Orc:2)
  A shock serpent (shapeshifter) (Vaults:2)
  Sonja (D:10)
  A deep elf knight (D:13)
  A skeletal warrior (D:15)
  An iron golem (WizLab)
  3 spriggan druids
  A flayed ghost (D:15)
  9 swamp dragons
  An ironbrand convoker (Vaults:1)
  A wizard (Vaults:1)
  8 ugly things
  4 orc knights
  A necromancer (D:15)
  11 wolf spiders
  2 orc sorcerers
  9 orb spiders
  2 cyclopes
  A moth of wrath (Spider:4)
  A centaur zombie (D:13)
  3 elephants (Lair:2)
  A centaur skeleton (D:14)
  2 spiny frogs
  A stone giant skeleton (Vaults:1)
  Psyche (D:12)
  2 efreet
  4 kobold demonologists
  9 demonic crawlers
  A komodo dragon (Swamp:2)
  15 yaktaurs
  A redback zombie (D:15)
  A komodo dragon (shapeshifter) (Vaults:1)
  A rime drake (Lair:5)
  A spriggan skeleton (D:15)
  3 trolls
  5 polar bears (Lair:6)
  18 jumping spiders
  3 tyrant leeches
  6 hornets
  7 slime creatures
  8 bog bodies
  2 raiju (Lair:6)
  A blink frog (Lair:5)
  A deep troll zombie (D:15)
  34 redbacks
  An ice dragon skeleton (D:15)
  16 tarantellas
  A spriggan (Swamp:3)
  A water elemental (D:15)
  9 yaks
  A basilisk (Lair:6)
  A golden eye (shapeshifter) (Vaults:1)
  A spriggan zombie (Swamp:3)
  A steam dragon (Lair:6)
  2 wraiths
  A fire elemental (Orc:2)
  A vampire mosquito (Swamp:1)
  2 hungry ghosts
  13 swamp worms
  7 insubstantial wisps
  4 wargs
  2 acid dragons
  A soldier ant (D:15)
  7 hell hounds
  20 orc warriors
  6 black bears (Lair:6)
  A necrophage (D:14)
  5 ogres
  8 swamp drakes
  5 boggarts (D:15)
  7 wolves
  4 big kobolds
  3 crocodiles
  2 earth elementals (WizLab)
  2 bullfrogs
  A wyvern zombie (D:13)
  A scorpion (D:14)
  4 wights (D:14)
  2 electric eels (Spider:1)
  A bullfrog skeleton (D:10)
  11 orc priests (Orc:2)
  4 orc wizards
  An adder (D:10)
  A shadow imp (D:14)
  42 orcs
  6 kobolds
  3 briar patches (Swamp:4)
  9 bushes (D:15)
  3 fungi (Lair:6)
  10 plants
  3 withered plants (D:15)
489 creatures vanquished.

Vanquished Creatures (others)
  2 profane servitors (Spider:4)
  A bone dragon (Swamp:4)
  2 ghouls
  A vampire knight (Spider:4)
  A spectral human (Spider:4)
  7 skeletal warriors
  3 flayed ghosts
  4 phantasmal warriors
  2 ugly thing zombies (Vaults:1)
  A wolf spider zombie (Spider:1)
  5 redback zombies
  A centaur zombie (D:14)
  2 death yak zombies (Lair:6)
  5 hydra zombies (Swamp:4)
  A jumping spider zombie (Spider:4)
  3 tarantella zombies (Spider:4)
  4 flying skulls (Orc:1)
  A black mamba zombie (Lair:6)
  6 vampires
  A wraith (Lair:6)
  2 spriggan zombies
  A two-headed ogre zombie (Orc:2)
  2 tengu zombies (D:14)
  2 spiny frog zombies
  An orb spider zombie (Spider:1)
  3 swamp dragon zombies
  3 blink frog zombies
  4 slaves (D:8)
  2 hornet zombies (Spider:1)
  A rime drake zombie (Lair:5)
  A hippogriff zombie (Lair:6)
  A yaktaur zombie (Vaults:1)
  A cyclops zombie (Vaults:1)
  A komodo dragon zombie (Lair:2)
  3 hell hound zombies
  A water moccasin zombie (Lair:6)
  2 warg zombies
  A troll zombie (D:12)
  11 yak zombies
  6 wights
  2 yak skeletons
  3 wolf zombies
  A basilisk zombie (Lair:5)
  A black bear zombie (Lair:6)
  A bog body skeleton (Swamp:4)
  A worker ant (D:8)
  A porcupine zombie (Lair:2)
  2 killer bee zombies (D:10)
  2 crocodile zombies
  2 ogre zombies (Orc:2)
  An acid dragon zombie (D:13)
  3 big kobold zombies (D:13)
  A human zombie (D:12)
  A swamp drake zombie (Lair:6)
  An electric eel zombie (Spider:1)
  47 orc zombies
  An orc (D:8)
  3 jackals (D:8)
  4 kobolds (D:8)
  4 orc skeletons
  4 briar patches (Swamp:4)
  5 fungi
  17 plants
210 creatures vanquished.

Grand Total: 1553 creatures vanquished

Notes
Turn   | Place    | Note
-------+----------+-------------------------------------------
     0 | D:1      | Jeffwins the Octopode Monk began the quest for the Orb.
     0 | D:1      | Reached XP level 1. HP: 16/16 MP: 1/1
    93 | D:1      | Found a glowing golden altar of the Shining One.
   187 | D:1      | Reached XP level 2. HP: 16/21 MP: 2/2
   956 | D:2      | Reached XP level 3. HP: 22/26 MP: 3/3
  1702 | D:3      | Reached XP level 4. HP: 20/31 MP: 4/4
  1704 | D:3      | Reached skill level 1 in Shields
  1836 | D:3      | Found a sparkling altar of Nemelex Xobeh.
  2000 | D:3      | Reached skill level 4 in Long Blades
  2152 | D:3      | Reached XP level 5. HP: 12/36 MP: 2/5
  2657 | D:3      | Reached XP level 6. HP: 24/42 MP: 2/6
  3396 | D:4      | Reached skill level 5 in Long Blades
  3595 | D:4      | Reached XP level 7. HP: 35/47 MP: 4/7
  3737 | D:5      | Entered Level 5 of the Dungeon
  3770 | D:5      | Found a sacrificial altar of Ru.
  3787 | D:5      | Reached skill level 5 in Stealth
  4883 | D:6      | Reached skill level 6 in Long Blades
  4883 | D:6      | Reached XP level 8. HP: 48/54 MP: 6/8
  5277 | D:6      | Reached skill level 5 in Dodging
  5618 | D:6      | Reached skill level 5 in Fighting
  5800 | D:6      | Found a staircase to the Ecumenical Temple.
  5861 | Temple   | Entered the Ecumenical Temple
  6115 | D:6      | Found a white marble altar of Elyvilon.
  6115 | D:6      | Found a snail-covered altar of Cheibriados.
  6421 | D:7      | Reached skill level 1 in Slings
  6469 | D:7      | Reached skill level 7 in Long Blades
  6469 | D:7      | Reached XP level 9. HP: 59/61 MP: 9/9
  6653 | D:7      | Found a flagged portal.
  6659 | D:7      | Got a dazzling hand axe
  6662 | Bailey   | Entered a bailey
  6699 | Bailey   | Noticed an orc warlord
  7058 | Bailey   | Found a runed gate.
  7060 | Bailey   | Found a runed gate.
  7193 | Bailey   | Found a runed gate.
  7654 | Bailey   | Killed an orc warlord
  7654 | Bailey   | Reached skill level 8 in Long Blades
  7654 | Bailey   | Reached skill level 5 in Shields
  7654 | Bailey   | Reached XP level 10. HP: 68/68 MP: 10/10
  7691 | Bailey   | Identified Lazonav's Volume of Sinister Secrets and Poison
  8062 | D:8      | Found an opulent altar of Gozag.
  8607 | D:8      | Reached skill level 9 in Long Blades
  8637 | D:8      | Noticed Pikel
  8661 | D:8      | Killed Pikel
  8661 | D:8      | Reached skill level 1 in Evocations
  8696 | D:8      | Noticed a two-headed ogre
 10235 | D:9      | Found a staircase to the Lair.
 10242 | D:9      | Found an opulent altar of Gozag.
 10678 | D:9      | Found Guneok's Food Boutique.
 10745 | D:9      | Reached XP level 11. HP: 25/75 MP: 4/12
 11376 | D:9      | Found a radiant altar of Vehumet.
 11581 | D:9      | Noticed a two-headed ogre
 11600 | D:9      | HP: 3/75 [two-headed ogre/giant club (14)]
 11646 | D:9      | Killed a two-headed ogre
 11965 | D:9      | Noticed a two-headed ogre
 11981 | D:9      | Killed a two-headed ogre
 11981 | D:9      | Reached skill level 10 in Long Blades
 11981 | D:9      | Reached skill level 5 in Slings
 12149 | D:9      | Found a basalt altar of Yredelemnul.
 12154 | D:9      | Found a bloodstained altar of Trog.
 12159 | D:9      | Became a worshipper of Yredelemnul the Dark
 12159 | D:9      | Reached * piety under Yredelemnul
 12159 | D:9      | Reached ** piety under Yredelemnul
 12683 | D:9      | Found a staircase to the Orcish Mines.
 13013 | Orc:1    | Entered Level 1 of the Orcish Mines
 13094 | D:9      | Identified 2 scrolls of acquirement
 13158 | Lair:1   | Entered Level 1 of the Lair of Beasts
 13375 | Lair:1   | Got a crystal trident
 13376 | Lair:1   | Identified the +9 trident of Qothouqi {speed, rC++} (You found it on level 1 of the Lair of Beasts)
 13609 | Lair:1   | Noticed a four-headed hydra
 13617 | Lair:1   | Learned a level 4 spell: Petrify
 14273 | Lair:2   | Reached skill level 1 in Invocations
 14478 | Lair:2   | Found a staircase to the Swamp.
 14880 | Lair:2   | Reached *** piety under Yredelemnul
 15069 | Lair:1   | Reached skill level 1 in Spellcasting
 15366 | Lair:1   | Reached skill level 1 in Earth Magic
 15416 | Swamp:1  | Entered Level 1 of the Swamp
 15441 | Swamp:1  | Noticed a swamp dragon
 15545 | Lair:3   | Reached XP level 12. HP: 82/82 MP: 15/15
 15568 | Lair:3   | Reached skill level 1 in Transmutations
 15942 | Lair:3   | Received a gift from Yredelemnul (a wight)
 15966 | Lair:3   | Found a hole to the Spider Nest.
 15991 | Lair:3   | Noticed a seven-headed hydra
 16850 | Lair:4   | Received a gift from Yredelemnul (a wight)
 17142 | Lair:4   | Noticed a six-headed hydra
 17184 | Lair:3   | Noticed a four-headed hydra
 17448 | Lair:5   | Reached skill level 5 in Evocations
 17453 | Lair:5   | Got an ancient copper ring
 17454 | Lair:5   | Identified the ring of Feofoaqu {*Contam rC+ Int+4 Dex+4} (You found it on level 5 of the Lair of Beasts)
 17635 | Lair:5   | Reached skill level 11 in Long Blades
 17638 | Lair:5   | Received a gift from Yredelemnul (a wight)
 17883 | Lair:5   | Found a staircase to the Slime Pits.
 17883 | Lair:5   | Found a viscous altar of Jiyva.
 18525 | Lair:6   | Entered Level 6 of the Lair of Beasts
 18609 | Lair:6   | Noticed a death yak
 18625 | Lair:6   | Noticed a death yak
 18626 | Lair:6   | Noticed a death yak
 18627 | Lair:6   | Noticed a death yak
 18628 | Lair:6   | Noticed a death yak
 18642 | Lair:5   | Killed a death yak
 19068 | Lair:6   | Received a gift from Yredelemnul (a wraith)
 19616 | Lair:5   | Killed a six-headed hydra
 19616 | Lair:5   | Reached skill level 10 in Stealth
 19948 | D:10     | Entered Level 10 of the Dungeon
 19988 | D:10     | Noticed Gastronok
 20007 | D:10     | Killed Gastronok
 20007 | D:10     | Reached XP level 13. HP: 35/89 MP: 10/17
 20328 | D:10     | Reached **** piety under Yredelemnul
 20817 | D:10     | Noticed Sonja
 20827 | D:10     | Killed Sonja
 21668 | D:11     | Noticed Grum
 21673 | D:11     | Killed Grum
 22003 | D:11     | Reached ***** piety under Yredelemnul
 22273 | D:12     | Learned a level 2 spell: Blink
 22303 | D:12     | Received a gift from Yredelemnul (a wight)
 22333 | D:12     | Noticed a great orb of eyes
 22333 | D:12     | a five-headed hydra changed into a great orb of eyes
 22339 | D:12     | Killed a great orb of eyes
 22529 | D:12     | Noticed Psyche
 22543 | D:12     | Killed Psyche
 22734 | D:12     | Received a gift from Yredelemnul (a wight)
 22842 | D:12     | Your ally Psyche died
 22861 | D:12     | Identified the Catalogue of Dislocated Sinister Rites
 23089 | D:12     | Found a shadowy altar of Dithmenos.
 23092 | D:12     | Got a shimmering shortbow
 23144 | D:12     | Identified the +8 shortbow of Divvok {flame, +Inv rN++ Str-3} (You found it on level 12 of the Dungeon)
 23508 | D:13     | Received a gift from Yredelemnul (a vampire)
 23517 | D:13     | Reached skill level 1 in Translocations
 23923 | Lair:3   | Reached skill level 12 in Long Blades
 24582 | Lair:6   | Reached skill level 5 in Invocations
 24594 | Lair:6   | Received a gift from Yredelemnul (a wight)
 24927 | Lair:6   | Reached XP level 14. HP: 84/97 MP: 19/19
 25027 | Lair:6   | Received a gift from Yredelemnul (a phantasmal warrior)
 25284 | Lair:6   | Received a gift from Yredelemnul (a phantasmal warrior)
 25336 | Lair:6   | Received a gift from Yredelemnul (a skeletal warrior)
 25990 | Orc:2    | Entered Level 2 of the Orcish Mines
 26070 | Orc:1    | Reached ****** piety under Yredelemnul
 26070 | Orc:1    | Received a gift from Yredelemnul (4 flying skulls)
 26283 | Orc:1    | Found Daecess's Desiderata Depot.
 26290 | Orc:1    | Noticed an orc warlord
 26295 | Orc:1    | Received a gift from Yredelemnul (a skeletal warrior)
 26308 | Orc:1    | Killed an orc warlord
 26318 | Orc:1    | Bought a manual of Dodging for 1435 gold pieces
 26461 | Orc:2    | Noticed Azrael
 26475 | Orc:2    | Reached skill level 5 in Transmutations
 26484 | Orc:2    | Killed Azrael
 26923 | Orc:2    | HP: 4/97 [ettin/dire flail of protection (29)]
 27293 | Orc:2    | Found Heicuuf's Book Shop.
 27527 | Orc:2    | Noticed an orc warlord
 27543 | Orc:2    | Received a gift from Yredelemnul (a skeletal warrior)
 27567 | Orc:2    | Killed an orc warlord
 27680 | Orc:2    | Found a roughly hewn altar of Beogh.
 27966 | Orc:2    | Received a gift from Yredelemnul (a vampire)
 28166 | Orc:2    | Found Asyighiu's Assorted Antiques.
 28181 | Orc:2    | Bought a scroll of blinking for 255 gold pieces
 28187 | Orc:2    | Found Kealem's General Store.
 28265 | Orc:2    | Found a roughly hewn altar of Beogh.
 28387 | Orc:2    | Reached skill level 5 in Earth Magic
 28852 | Orc:2    | Received a gift from Yredelemnul (a vampire)
 28920 | Orc:2    | Found a staircase to the Elven Halls.
 28995 | Orc:2    | Noticed Maurice
 29000 | Orc:2    | Killed Maurice
 29081 | Orc:2    | Found Howoill's Jewellery Boutique.
 29106 | Orc:2    | Bought an uncursed ring of see invisible for 180 gold pieces
 29160 | Orc:2    | Reached XP level 15. HP: 69/103 MP: 20/22
 29259 | Orc:2    | Received a gift from Yredelemnul (a vampire knight)
 29712 | D:13     | You fall through a shaft!
 29744 | D:14     | Noticed Nessos
 29752 | D:14     | Killed Nessos
 29752 | D:14     | Received a gift from Yredelemnul (a skeletal warrior)
 29851 | D:14     | Your ally Nessos died
 29982 | D:14     | Reached skill level 13 in Long Blades
 30226 | D:14     | Found Urugeukh's Weapon Shop.
 30241 | D:14     | Noticed Rupert
 30251 | D:14     | Killed Rupert
 30251 | D:14     | Enslaved Rupert
 30285 | D:14     | Received a gift from Yredelemnul (a flayed ghost)
 30703 | D:14     | Noticed Kirke
 30713 | D:14     | Killed Kirke
 30713 | D:14     | Reached skill level 5 in Spellcasting
 30741 | D:14     | Received a gift from Yredelemnul (a phantasmal warrior)
 31001 | D:14     | Found a basalt altar of Yredelemnul.
 31114 | D:14     | Received a gift from Yredelemnul (a profane servitor)
 31232 | D:14     | Reached skill level 10 in Fighting
 31398 | D:15     | Entered Level 15 of the Dungeon
 31411 | D:15     | Got a polished hat
 31422 | D:15     | Identified the +3 hat "Nyuguxed" {rC+ Regen+ Str-3 SInv} (You acquired it on level 15 of the Dungeon)
 31505 | D:15     | Found a staircase to the Depths.
 31515 | D:15     | Reached skill level 10 in Dodging
 31863 | D:15     | Received a gift from Yredelemnul (a skeletal warrior)
 32293 | D:13     | Received a gift from Yredelemnul (a vampire)
 32513 | D:13     | Found a gate to the Vaults.
 32754 | Spider:1 | Entered Level 1 of the Spider Nest
 32770 | Spider:1 | Received a gift from Yredelemnul (a phantasmal warrior)
 32846 | Spider:1 | Paralysed by a hornet for 1 turns
 32872 | Spider:1 | Reached XP level 16. HP: 55/109 MP: 24/24
 33651 | Spider:2 | Reached skill level 5 in Translocations
 34225 | Spider:2 | Received a gift from Yredelemnul (a vampire)
 34462 | Spider:3 | Reached skill level 10 in Shields
 34477 | Spider:3 | Received a gift from Yredelemnul (a profane servitor)
 34634 | Spider:3 | Reached skill level 14 in Long Blades
 34708 | Spider:4 | Entered Level 4 of the Spider Nest
 34771 | Spider:4 | Received a gift from Yredelemnul (a bone dragon)
 35206 | Spider:4 | Received a gift from Yredelemnul (a skeletal warrior)
 35502 | Spider:4 | Noticed Jorgrun
 35509 | Spider:4 | Killed Jorgrun
 35608 | Spider:4 | Your ally Rupert died
 35639 | Spider:4 | Received a gift from Yredelemnul (a skeletal warrior)
 36005 | Spider:4 | Got a gossamer rune of Zot
 36315 | Lair:2   | Learned a level 5 spell: Bolt of Draining
 36324 | Lair:2   | Learned a level 8 spell: Controlled Blink
 36527 | Swamp:1  | Noticed a thorn hunter
 36544 | Swamp:1  | Killed a thorn hunter
 36544 | Swamp:1  | Reached XP level 17. HP: 68/116 MP: 21/27
 36925 | Swamp:1  | Reached skill level 1 in Necromancy
 36926 | Swamp:1  | Received a gift from Yredelemnul (a bone dragon)
 37129 | Swamp:2  | Reached skill level 1 in Conjurations
 37277 | Swamp:2  | Received a gift from Yredelemnul (a ghoul)
 37696 | Swamp:3  | Received a gift from Yredelemnul (a flayed ghost)
 38157 | Swamp:3  | Noticed Mara
 38165 | Swamp:3  | Noticed Jeffwins's illusion
 38193 | Swamp:3  | Killed a bone dragon
 38212 | Swamp:3  | Noticed Jeffwins's illusion
 38277 | Swamp:3  | Killed Mara
 38838 | Swamp:4  | Entered Level 4 of the Swamp
 38985 | Swamp:4  | Noticed Nikola
 38999 | Swamp:4  | Killed Nikola
 39609 | Swamp:4  | Received a gift from Yredelemnul (a flayed ghost)
 40173 | Swamp:4  | Received a gift from Yredelemnul (a skeletal warrior)
 40257 | Swamp:4  | Got a decaying rune of Zot
 40554 | Vaults:1 | Entered Level 1 of the Vaults
 41147 | Vaults:1 | Received a gift from Yredelemnul (a profane servitor)
 41354 | Vaults:1 | Reached XP level 18. HP: 124/124 MP: 29/29
 41435 | Vaults:1 | Received a gift from Yredelemnul (a vampire knight)
 41616 | Vaults:1 | Found Gaeruiga's Magic Scroll Shoppe.
 41629 | Vaults:1 | Bought a scroll of teleportation for 51 gold pieces
 41629 | Vaults:1 | Bought a scroll of fear for 59 gold pieces
 41672 | Vaults:1 | Paralysed by a sphinx for 2 turns
 41772 | Vaults:1 | Received a gift from Yredelemnul (a skeletal warrior)
 41875 | Vaults:1 | Reached skill level 15 in Long Blades
 42319 | Vaults:2 | Found Anarojum's Food Emporium.
 42357 | Vaults:2 | Found a magical portal.
 42369 | WizLab   | Entered Doroklohe's Tomb
 42400 | WizLab   | Received a gift from Yredelemnul (a ghoul)
 42629 | WizLab   | Noticed an electric golem
 42714 | WizLab   | Received a gift from Yredelemnul (a vampire)
 42778 | WizLab   | Killed from afar by an electric golem

Vault maps used:
D:1:      lightli_arrival_isolated_outpost, tso_metal_star
D:2:      kennysheep_doodads, fountainhead
D:3:      nemelex_diamond_rough_becter
D:4:      grunt_ministairs_6
D:5:      basic_altar, first_bread
D:6:      gammafunk_temple_overflow_elements, temple_doors_cd
D:7:      enter_bailey_2
D:8:      basic_altar, uniq_pikel
D:9:      lemuel_doored_altar, grunt_temple_overflow_open, lair_entry_dummy,
          erik_orc_2, serial_shops, shop
D:10:     uniq_gastronok, uniq_sonja
D:11:     uniq_grum
D:12:     nicolae_dithmenos_the_darkroom, uniq_psyche
D:13:     grunt_vaults_entry_fortified
D:14:     lemuel_mausoleum_altar_yredelemnul, serial_shops, shop, uniq_nessos,
          uniq_kirke, uniq_rupert
D:15:     gammafunk_depths_entry_grave, minmay_hedge_maze
Temple:   eino_temple_rhombus
Lair:2:   swamp_mist
Lair:3:   spider_nest_entry_a, st_stairs_3, grunt_megastairs_1,
          lemuel_fruit_tree
Lair:5:   slime_altar_1
Lair:6:   hangedman_lair_caniforms_friends, guppyfry_lair_end_dragon,
          hibernation_bobbens
Swamp:1:  evilmike_swamp_ruin_house_4
Swamp:2:  nicolae_swamp_feature_on_the_river_bank
Swamp:3:  evilmike_swamp_ruin_house_3, uniq_mara
Swamp:4:  swamp_basic_johnstein, uniq_nikola
Spider:1: guppyfry_hornet_nest
Spider:4: spider_rune_water, uniq_jorgrun
Orc:1:    nicolae_alphabet_shops
Orc:2:    pubby_orc_utopia, uniq_maurice, uniq_azrael
Vaults:1: nicolae_vaults_circle_grid_a, v_misc_30,
          nicolae_vaults_ninety_degrees, vaults_room_door_hall,
          vaults_room_large_hall, v_misc_16, nicolae_vaults_little_ls,
          vaults_standard_mumra_lines, nicolae_vaults_three_branches,
          serial_shops, shop
Vaults:2: nicolae_vaults_circle_grid_a, nicolae_vaults_border_crossing,
          grunt_vaults_funnel, vaults_room_fancy_cross,
          vaults_mumra_minichess_inversion, v_pattern_1,
          ontoclasm_vaults_ring_square, v_misc_28,
          nicolae_vaults_network_square, nicolae_vaults_specimen_jars,
          nicolae_vaults_little_squares_6, serial_shops, nicolae_shop_stone,
          nicolae_shop_statue_plus, infiniplex_enter_wizlab_glasses
Bailey:   bailey_axe_bossmonster_kennysheep, bailey
WizLab:   wizlab_doroklohe

Skill      XL: |  1  2  3  4  5  6  7  8  9 10 11 12 13 14 15 16 17 18 |
---------------+-------------------------------------------------------+-----
Stealth        | 3 4 5 6 8 9 10 11 12 13 | 13.0
Shields        | 1 2 3 4 5 6 7 8 9 10 | 10.9
Long Blades    | 4 5 6 7 8 9 10 11 12 13 14 15 | 15.1
Dodging        | 4 5 6 7 8 9 10 11 12 | 12.2
Fighting       | 4 5 6 7 8 9 10 11 | 11.3
Slings         | 1 3 4 5 6 |  6.1
Evocations     | 2 4 5 6 7 8 9 |  9.2
Invocations    | 1 3 5 6 7 8 |  8.9
Spellcasting   | 1 2 3 4 5 6 7 |  7.8
Earth Magic    | 1 3 4 5 6 7 8 |  8.4
Transmutations | 3 4 5 6 7 8 |  8.2
Translocations | 2 4 5 6 |  6.9
Necromancy     | 3 |  3.7
Conjurations   | 3 |  3.9

Action                   |  1- 3 |  4- 6 |  7- 9 | 10-12 | 13-15 | 16-18 || total
-------------------------+-------+-------+-------+-------+-------+-------++-------
Melee: Falchion          |    56 |    77 |   246 |   352 |       |       ||   731
       Constrict         |    23 |    20 |    53 |    96 |   172 |   139 ||   503
       Tentacles         |     7 |    21 |    78 |   180 |   254 |   259 ||   799
       Double sword      |       |       |       |   199 |   769 |   685 ||  1653
       Dagger            |       |       |       |    61 |     9 |       ||    70
       Short sword       |       |       |       |       |    70 |     1 ||    71
       Scimitar          |       |       |       |       |       |    25 ||    25
 Fire: Hunting sling     |       |     6 |   139 |   132 |       |       ||   277
Throw: Stone             |       |       |     8 |       |       |       ||     8
       Tomahawk          |       |       |     3 |       |       |       ||     3
Invok: Animate Remains   |       |       |       |     5 |       |       ||     5
       Animate Dead      |       |       |       |     9 |    76 |    62 ||   147
       Recall Undead Sla |       |       |       |     3 |     8 |    21 ||    32
       Enslave Soul      |       |       |       |       |     2 |     1 ||     3
       Drain Life        |       |       |       |       |       |     2 ||     2
       Stop Recall       |       |       |       |       |       |     1 ||     1
Evoke: Wand              |       |       |       |    26 |    23 |     6 ||    55
       Phantom mirror    |       |       |       |       |       |     1 ||     1
  Use: Scroll            |       |       |    19 |    15 |    12 |     8 ||    54
       Potion            |       |       |     2 |     4 |     3 |    10 ||    19
 Stab: Sleeping          |    11 |     5 |    14 |    37 |    66 |    40 ||   173
       Distracted        |       |       |     1 |     4 |    15 |    23 ||    43
       Confused          |       |       |       |       |     4 |       ||     4
       Paralysed         |       |       |       |       |     1 |     1 ||     2
  Eat: Chunk             |     2 |     6 |     9 |    38 |    41 |    20 ||   116
       Fruit             |       |       |     2 |     3 |     5 |       ||    10
       Royal jelly       |       |       |     2 |     1 |     1 |     1 ||     5
       Bread ration      |       |       |       |       |     3 |     1 ||     4
       Meat ration       |       |       |       |       |     1 |     6 ||     7
Armor: Skin              |     3 |     5 |     9 |    13 |    18 |    35 ||    83
Dodge: Dodged            |    30 |    46 |   144 |   327 |   505 |   424 ||  1476
Block: Shield            |    10 |    26 |   113 |   277 |   441 |   332 ||  1199
       Large shield      |       |       |       |       |       |   131 ||   131
       Rpst.: Falchion   |    14 |    15 |    40 |    38 |       |       ||   107
       Double sword      |       |       |       |    29 |   118 |    67 ||   214
